 Dungeon Crawl Stone Soup version 0.31.0-32-g396128a36d (webtiles) character file.

Game seed: 12945084213981614057

65706 boogee100 the Geomancer (level 15, -7/92 HPs)
             Began as a Gargoyle Earth Elementalist on Apr 5, 2024.
             Was a High Priest of Vehumet.
             Mangled by an enormous slime creature (71 damage)
             ... on level 13 of the Dungeon on Apr 7, 2024.
             The game lasted 03:38:33 (22297 turns).

boogee100 the Geomancer (GrEE)                     Turns: 22297, Time: 03:38:35

Health: -7/92      AC: 31    Str: 18    XL:     15   Next: 17%
Magic:  36/39      EV: 13    Int: 22    God:    Vehumet [*****.]
Gold:   303        SH:  5    Dex: 19    Spells: 14/36 levels left

rFire   + . .        z - +3 flail (drain)
rCold   . . .        L - sphere of Battle
rNeg    + . .        U - +5 ring mail of Zahesh {*Slow rF+ rCorr Dex+3}
rPois   ∞            n - +1 hat "Dasmoy" {^Contam Rampage Str+5}
rElec   +            e - +0 cloak
rCorr   +            k - +1 pair of gloves
SInv    .            V - +2 pair of boots {Stlth+}
Will    +....        o - amulet of reflection
Stlth   ++++         K - ring of magical power
HPRegen 0.35/turn    m - +6 ring of dexterity
MPRegen 0.26/turn

%: slow self (1%), reflection, rampage
@: flying, studying Stealth
A: sickness immunity, AC +11, big wings, negative energy resistance 1,
electricity resistance, torment resistance 1, petrification resistance
a: Renounce Religion


You were on level 13 of the Dungeon.
You worshipped Vehumet.
Vehumet was extremely pleased with you.
You visited 3 branches of the dungeon, and saw 19 of its levels.
You visited 1 bazaar.
You also visited: Bailey and Gauntlet.

You collected 2328 gold pieces.
You spent 2025 gold pieces at shops.

Inventory:

Hand Weapons
 z - a +3 flail of draining (weapon)
Missiles
 d - 15 boomerangs (quivered)
 C - 8 throwing nets
Armour
 e - a +0 cloak (worn)
 k - a +1 pair of gloves (worn)
 n - the +1 hat "Dasmoy" (worn) {^Contam Rampage Str+5}
   (You found it in a Gauntlet)

   Str+5:     It affects your strength (+5).
   ^Contam:   It causes magical contamination when unequipped.
   Rampage:   It bestows one free step when moving towards enemies.
 L - the sphere of Battle (worn)
   (You found it on level 9 of the Dungeon)

   Battle:    It summons a battlesphere in combat, with strength depending on
   Conjurations skill.
   Destructive: It enhances your destructive magic, and weakens non-destructive
   magic.
 U - the +5 ring mail of Zahesh (worn) {*Slow rF+ rCorr Dex+3}
   (You found it on level 1 of the Lair of Beasts)

   Dex+3:     It affects your dexterity (+3).
   rF+:       It protects you from fire.
   rCorr:     It protects you from acid and corrosion.
   *Slow:     It may slow you when you take damage.
 V - a +2 pair of boots of stealth (worn)
Jewellery
 f - an amulet of regeneration
 m - a +6 ring of dexterity (right hand)
 o - an amulet of reflection (around neck)
 A - a ring of see invisible
 J - a ring of wizardry
 K - a ring of magical power (left hand)
Wands
 s - a wand of paralysis (13)
 y - a wand of roots (12)
 B - a wand of polymorph (10)
 G - a wand of quicksilver (16)
 T - a wand of flame (14)
Scrolls
 c - 4 scrolls of amnesia
 h - 2 scrolls of butterflies
 j - 2 scrolls of poison
 l - 2 scrolls of enchant weapon
 p - 5 scrolls of fear
 r - 11 scrolls of teleportation
 u - 3 scrolls of identify
 w - 2 scrolls of vulnerability
 x - 2 scrolls of noise
 H - a scroll of immolation
 I - 6 scrolls of enchant armour
 Q - a scroll of blinking
 R - 2 scrolls of fog
 X - a scroll of brand weapon
 Y - 2 scrolls of revelation
Potions
 a - 3 potions of attraction
 b - a potion of magic
 g - 8 potions of curing
 i - 4 potions of might
 q - a potion of cancellation
 t - 6 potions of brilliance
 v - 5 potions of resistance
 E - 3 potions of enlightenment
 M - 3 potions of berserk rage
 Z - 2 potions of haste
Miscellaneous
 O - a phial of floods
 S - a condenser vane


   Skills:
 + Level 9.8 Fighting
 * Level 12.4 Maces & Flails
 + Level 9.8 Armour
 - Level 4.0 Dodging
 - Level 8.0 Stealth
 + Level 11.1 Spellcasting
 - Level 6.0 Conjurations
 - Level 5.0 Translocations
 + Level 1.6 Fire Magic
 + Level 2.4 Air Magic
 + Level 14.3 Earth Magic
 - Level 3.0 Alchemy


You had 14 spell levels left.
You knew the following spells:

 Your Spells              Type           Power      Damage    Failure   Level
a - Sandblast             Erth           100%       2d20      0%          1
b - Stone Arrow           Conj/Erth      100%       3d13      1%          3
c - Mephitic Cloud        Conj/Alch/Air  43%        N/A       1%          3
d - Mercury Vapours       Alch/Air       72%        N/A       1%          2
e - Lee's Rapid Deconstr  Erth           42%        3d21*     1%          5
f - Blink                 Tloc           34%        N/A       1%          2
g - Plasma Beam           Fire/Air       15%        2x1d27    78%         6

Your spell library contained the following spells:

 Spells                   Type           Power      Damage    Failure   Level
 Irradiate                Conj/Alch      24%        3d19      11%         5
 Foxfire                  Conj/Fire      100%       2x1d9     1%          1
 Magic Dart               Conj           100%       1d8       1%          1
 Passwall                 Erth           37%        N/A       1%          3
 Brom's Barrelling Bould  Conj/Erth      71%        2d8       1%          4
 Freeze                   Ice            72%        1d8       2%          1
 Dazzling Flash           Conj/Hex       76%        N/A       2%          3
 Hailstorm                Conj/Ice       38%        3d9       2%          3
 Leda's Liquefaction      Alch/Erth      12%        N/A       2%          4
 Petrify                  Alch/Erth      25%        N/A       2%          4
 Gell's Gravitas          Tloc           17%        N/A       3%          3
 Teleport Other           Tloc           17%        N/A       3%          3
 Frozen Ramparts          Ice            36%        1d6       7%          3
 Manifold Assault         Tloc           17%        N/A       11%         4
 Arcjolt                  Conj/Air       23%        1d33      11%         5
 Borgnjor's Vile Clutch   Necr/Erth      10%        N/A       12%         5
 Call Imp                 Summ           12%        N/A       13%         2
 Ensorcelled Hibernation  Hex/Ice        12%        N/A       13%         2
 Vhi's Electric Charge    Tloc/Air       28%        N/A       19%         4
 Freezing Cloud           Conj/Ice/Air   18%        6-21      19%         5
 Fugue of the Fallen      Necr           6%         N/A       26%         3
 Ozocubu's Armour         Ice            6%         N/A       26%         3
 Summon Ice Beast         Ice/Summ       6%         N/A       26%         3
 Starburst                Conj/Fire      21%        6d7       54%         6
 Anguish                  Hex/Necr       3%         N/A       63%         4
 Animate Dead             Necr           6%         N/A       63%         4
 Silence                  Hex/Air        4%         N/A       80%         5
 Dispersal                Tloc           8%         N/A       86%         6
 Curse of Agony           Necr           6%         N/A       93%         5
 Metabolic Englaciation   Hex/Ice        3%         N/A       93%         5
 Summon Mana Viper        Hex/Summ       6%         N/A       93%         5
 Death Channel            Necr           3%         N/A       100%        6
 Monstrous Menagerie      Summ           3%         N/A       100%        7
 Maxwell's Capacitive Co  Air            17%        ∞         100%        8


Dungeon Overview and Level Annotations

Branches:
Dungeon (13/15)            Temple (1/1) D:6            Lair (5/5) D:8
  Swamp (0/4) Lair:3        Snake (0/4) Lair:3        Slime (0/5) Lair:5
    Orc (0/2) D:10         Vaults (0/5) D:13         Bailey (visited)
Gauntlet (visited)

Altars:
Ashenzari
Cheibriados
Dithmenos
Elyvilon
Fedhas
Gozag
Hepliaklqana
Kikubaaqudgha
Makhleb
Nemelex Xobeh
Okawaru
Qazlal
Ru
Sif Muna
Trog
Uskayaw
Vehumet
Wu Jian
Xom
Yredelemnul
Zin
The Shining One
Jiyva

Shops:
D:4 (=   D:6 :([=*   D:7 [?   D:9 :   D:11 [([(*   D:13 !

Annotations:
Lair:4 2 transporters, exclusion: oklob plant, Juirae's ghost, journeyman TrMo
Lair:5 1 runed translucent door


Innate Abilities, Weirdness & Mutations

You are immune to sickness and miasma.
Your stone body is resilient. (AC +11)
You are immune to poison.
Your large and strong wings let you fly.
You resist negative energy. (rN+)
You are resistant to electric shocks. (rElec)
You are resistant to unholy torment.
You are immune to petrification.


Message History

Confirm with . or Enter, or press ? or * to list all spells.
Aiming: Sandblast (safe; 0% risk of failure)
Press: ? - help, Shift-Dir - straight line, f/p - enormous slime creature
Aim: an enormous slime creature (heavily wounded, 97% to hit)
You feel a surge of power!
The blast of sand hits the enormous slime creature.
The enormous slime creature is severely wounded.
Your battlesphere fires!
The barrage of energy hits the large slime creature.
The large slime creature is lightly wounded.
The enormous slime creature closely misses you.
Casting: Sandblast (safe; 0% risk of failure)
Confirm with . or Enter, or press ? or * to list all spells.
Aiming: Sandblast (safe; 0% risk of failure)
Press: ? - help, Shift-Dir - straight line, f/p - enormous slime creature
Aim: an enormous slime creature (heavily wounded, 97% to hit)
You feel a surge of power!
The blast of sand hits the enormous slime creature!!
The enormous slime creature is severely wounded.
Your battlesphere fires!
The barrage of energy hits the kobold demonologist!
The kobold demonologist is moderately wounded.
The enormous slime creature barely misses you.
The enormous slime creature completely misses you.
Casting: Sandblast (safe; 0% risk of failure)
Confirm with . or Enter, or press ? or * to list all spells.
Aiming: Sandblast (safe; 0% risk of failure)
Press: ? - help, Shift-Dir - straight line, f/p - enormous slime creature
Aim: an enormous slime creature (severely wounded, 97% to hit)
You feel a surge of power!
The blast of sand hits the enormous slime creature!
The enormous slime creature is almost dead.
Your battlesphere fires!
The barrage of energy hits the kobold demonologist.
The kobold demonologist is moderately wounded.
Your battlesphere expends the last of its energy and dissipates.
The kobold demonologist begins to cast a cantrip, but forgets the words!
The enormous slime creature hits you!!!
Ouch! That really hurt!
You die...

#..# #..#
#..# #..#
#.)# #..#
#))# #..#
#..# #..#
#.)# #..#
#..# #..#
#.☼########..
#..KJ@.......
#.KJ#######.[
#.)K# #.○.#
#.).# #J..#
....# JK...#
K..)..#


You could see an enormous slime creature, a large slime creature, a kobold
demonologist and a kobold.

Vanquished Creatures
  Nessos (D:12)
  A dire elephant (Gauntlet)
  A minotaur (Gauntlet)
  6 hydras
  Erolcha (D:12)
  A catoblepas (Lair:4)
  An ice dragon (Lair:5)
  A centaur warrior (D:13)
  2 two-headed ogres
  A tengu warrior (D:8)
  3 death yaks (Lair:4)
  Lodul (D:12)
  3 skysharks
  Pikel (D:7)
  2 lindwurms (Lair:5)
  2 orc knights
  Maurice (D:7)
  2 cyclopes
  An ugly thing (D:13)
  2 manticores
  5 elephants
  5 torpor snails (Lair:5)
  3 black mambas
  14 cane toads
  An unseen horror (D:13)
  7 rime drakes
  7 komodo dragons
  Maggie (D:10)
  4 kobold demonologists
  An ice devil (Gauntlet)
  2 tengu conjurers (D:9)
  3 tyrant leeches (Lair:5)
  5 trolls
  3 polar bears
  8 hornets
  A wolf spider simulacrum (D:12)
  18 blink frogs
  Prince Ribbit (D:8)
  6 dream sheep (Lair:5)
  Eustachio (D:6)
  2 shadows
  2 slime creatures (D:12)
  Sigmund (D:5)
  2 centaur simulacra (Gauntlet)
  A water elemental (D:11)
  43 yaks
  2 vampires (D:12)
  9 wyverns
  Grum (Bailey)
  A basilisk (D:12)
  16 humans (D:13)
  2 steam dragons
  Edmund (D:4)
  11 vampire mosquitoes
  2 acid dragons
  6 nagas (Lair:3)
  11 water moccasins
  A sky beast (D:8)
  An ice beast (D:7)
  4 orc warriors
  3 black bears
  9 ogres (D:12)
  A centaur (D:9)
  26 wolves
  A phantom (D:5)
  3 lemures (D:8)
  7 kobold brigands
  8 gnoll sergeants
  9 bullfrogs
  3 scorpions
  A cane toad simulacrum (Gauntlet)
  11 wights
  13 killer bees
  10 electric eels
  5 howler monkeys
  10 hounds
  2 jellies (D:7)
  6 gnoll boudas (Bailey)
  6 orc priests
  3 iguanas
  Terence (D:3)
  8 orc wizards
  4 sleepcaps
  Ijyb (D:3)
  4 hell rats (Lair:3)
  30 gnolls
  8 adders
  3 white imps (Gauntlet)
  3 dart slugs
  4 ribbon worms
  49 orcs
  8 endoplasms
  4 giant cockroaches
  20 goblins
  9 hobgoblins
  6 jackals
  27 kobolds
  4 quokkas
  7 ball pythons
  8 bats
  4 frilled lizards
  3 rats
601 creatures vanquished.

Notes
Turn   | Place    | Note
-------+----------+-------------------------------------------
     0 | D:1      | boogee100 the Gargoyle Earth Elementalist began the quest
                  | for the Orb.
     0 | D:1      | Reached XP level 1. HP: 10/10 MP: 3/3
    11 | D:1      | Noticed a centaur
   174 | D:1      | Reached XP level 2. HP: 15/15 MP: 3/5
   178 | D:1      | Reached skill level 4 in Earth Magic
   662 | D:1      | Reached XP level 3. HP: 19/19 MP: 2/6
  1601 | D:2      | Noticed a scorpion
  1604 | D:2      | Killed a scorpion
  1605 | D:2      | Reached skill level 5 in Earth Magic
  1605 | D:2      | Reached XP level 4. HP: 24/24 MP: 5/9
  1710 | D:2      | Reached XP level 5. HP: 28/28 MP: 6/10
  2216 | D:3      | Found a sparkling altar of Nemelex Xobeh.
  2502 | D:3      | Found a stormy altar of Qazlal.
  2502 | D:3      | Noticed Terence
  2605 | D:3      | Noticed Ijyb
  2626 | D:3      | Paralysed by Ijyb for 5 turns
  2634 | D:3      | Paralysed by Ijyb for 4 turns
  2641 | D:3      | Paralysed by Ijyb for 5 turns
  2650 | D:3      | Paralysed by Ijyb for 2 turns
  2654 | D:3      | Paralysed by Ijyb for 4 turns
  2666 | D:3      | Paralysed by Ijyb for 3 turns
  2672 | D:3      | Paralysed by Ijyb for 3 turns
  2677 | D:3      | Paralysed by Ijyb for 4 turns
  2690 | D:3      | Paralysed by Ijyb for 2 turns
  2695 | D:3      | Paralysed by Ijyb for 4 turns
  2706 | D:3      | Paralysed by Ijyb for 4 turns
  2714 | D:3      | Paralysed by Ijyb for 5 turns
  2719 | D:3      | Killed Ijyb
  2720 | D:3      | Reached skill level 6 in Earth Magic
  2826 | D:3      | Reached XP level 6. HP: 32/32 MP: 10/12
  3521 | D:4      | Found a blossoming altar of Fedhas.
  3664 | D:4      | Found Puir's Weapon Boutique.
  3667 | D:4      | You fall into a shaft and drop 2 floors!
  3673 | D:6      | Found Nimateos's Jewellery Emporium.
  3741 | D:6      | Found Femuig's Assorted Antiques.
  3742 | D:6      | Noticed a water moccasin
  3746 | D:6      | Killed a water moccasin
  3747 | D:6      | Reached skill level 7 in Earth Magic
  3747 | D:6      | Reached XP level 7. HP: 36/36 MP: 8/14
  3808 | D:6      | Reached skill level 5 in Spellcasting
  3843 | D:6      | Found Qierast's Armour Emporium.
  4089 | D:6      | Reached skill level 8 in Earth Magic
  4127 | D:6      | Reached XP level 8. HP: 31/41 MP: 11/17
  4346 | D:6      | Noticed a +0 great mace
  4347 | D:6      | Found Josemag's Weapon Emporium.
  4347 | D:6      | Noticed a +0 demon trident
  4365 | D:6      | Found a staircase to the Ecumenical Temple.
  4371 | D:6      | Found Zoathraef's Book Boutique.
  4382 | D:6      | Reached skill level 9 in Earth Magic
  4383 | Temple   | Entered the Ecumenical Temple
  4394 | Temple   | Became a worshipper of Vehumet
  4457 | D:5      | Entered Level 5 of the Dungeon
  4480 | D:5      | Noticed Eustachio
  4513 | D:6      | Killed Eustachio
  4630 | D:5      | Found a snail-covered altar of Cheibriados.
  4705 | D:4      | Noticed Edmund
  4785 | D:4      | Killed Edmund
  4821 | D:4      | Found Hipnutwe's Jewellery Shoppe.
  5735 | D:5      | Reached skill level 10 in Earth Magic
  5988 | D:5      | Found a hide-covered altar of Uskayaw.
  6048 | D:5      | Reached XP level 9. HP: 45/45 MP: 16/20
  6052 | D:5      | Learned a level 3 spell: Stone Arrow
  6056 | D:5      | Learned a level 3 spell: Mephitic Cloud
  6075 | D:5      | Reached * piety under Vehumet
  6075 | D:5      | Offered knowledge of Shock by Vehumet.
  6131 | D:5      | Noticed Sigmund
  6135 | D:5      | Killed Sigmund
  6136 | D:5      | Reached skill level 1 in Maces & Flails
  6743 | D:6      | Bought a runed scarf for 232 gold pieces
  6776 | D:6      | Reached skill level 1 in Fighting
  6776 | D:6      | Reached skill level 1 in Armour
  6852 | D:6      | Found a glowing golden altar of the Shining One.
  6926 | D:7      | Found Joitiut's Armour Boutique.
  7240 | D:7      | Found Woyp's Magic Scroll Shoppe.
  7248 | D:7      | Bought a scroll of fear for 40 gold pieces
  7687 | D:7      | Noticed Maurice
  7696 | D:7      | Killed Maurice
  7697 | D:7      | Reached XP level 10. HP: 53/55 MP: 12/22
  7846 | D:7      | Reached ** piety under Vehumet
  7846 | D:7      | Offered knowledge of Freeze by Vehumet.
  7870 | D:7      | Found a shadowy altar of Dithmenos.
  8029 | D:8      | Noticed Pikel
  8029 | D:8      | Noticed a manticore
  8239 | D:8      | Reached skill level 11 in Earth Magic
  8279 | D:8      | Noticed Prince Ribbit
  8281 | D:8      | Killed Prince Ribbit
  8296 | D:8      | Killed a manticore
  8297 | D:8      | Reached skill level 5 in Maces & Flails
  8321 | D:8      | Noticed a tengu warrior
  8567 | D:9      | Found Tuonarph's Book Boutique.
  8578 | D:8      | Found a staircase to the Lair.
  8826 | D:7      | Killed Pikel
  8826 | D:7      | Offered knowledge of Searing Ray by Vehumet.
  9125 | D:9      | Found a shimmering altar of Xom.
  9127 | D:9      | Found a shimmering blue altar of Sif Muna.
  9127 | D:9      | Found a glowing silver altar of Zin.
  9129 | D:9      | Found a basalt altar of Yredelemnul.
  9225 | D:9      | Reached XP level 11. HP: 62/62 MP: 19/23
  9373 | D:9      | Reached *** piety under Vehumet
  9393 | D:9      | Found the sphere of Battle
  9619 | D:10     | Entered Level 10 of the Dungeon
  9688 | D:10     | Reached skill level 1 in Alchemy
  9695 | D:10     | Found a flagged portal.
  9711 | Bailey   | Entered a bailey
  9751 | Bailey   | Offered knowledge of Frozen Ramparts by Vehumet.
  9815 | Bailey   | Reached skill level 1 in Air Magic
  9855 | Bailey   | Noticed Grum
  9877 | Bailey   | Killed Grum
  9986 | Bailey   | Learned a level 2 spell: Mercury Vapours
 10022 | Bailey   | Reached **** piety under Vehumet
 10486 | D:10     | Found a staircase to the Orcish Mines.
 10544 | D:10     | Offered knowledge of Lee's Rapid Deconstruction by Vehumet.
 10551 | D:10     | Learned a level 5 spell: Lee's Rapid Deconstruction
 10689 | D:10     | Found an ancient bone altar of Kikubaaqudgha.
 10701 | D:10     | Reached skill level 5 in Fighting
 10701 | D:10     | Reached skill level 5 in Armour
 10727 | D:10     | Noticed Maggie
 10750 | D:10     | Killed Maggie
 11011 | D:11     | Noticed a two-headed ogre
 11032 | D:11     | Found Edeisyt's Antique Weapon Boutique.
 11032 | D:11     | Found Timefergh's Armour Boutique.
 11189 | D:9      | Bought a book of Minor Magic for 192 gold pieces
 11192 | D:9      | Learned a level 2 spell: Blink
 11369 | D:3      | Killed Terence
 11731 | D:11     | Killed a two-headed ogre
 11839 | D:11     | Found Tiyrch Saekk's Armour Shoppe.
 11856 | D:11     | Reached skill level 1 in Translocations
 11883 | D:11     | Found Atras's Antique Weapon Boutique.
 11948 | D:11     | Noticed a cyclops
 11951 | D:11     | Killed a cyclops
 12494 | D:11     | Found a radiant altar of Vehumet.
 12687 | D:11     | Reached XP level 12. HP: 69/69 MP: 25/25
 12704 | D:11     | Found Guympiphi's Assorted Antiques.
 12719 | D:11     | Bought a scroll of identify for 58 gold pieces
 12719 | D:11     | Bought a scroll of teleportation for 87 gold pieces
 12805 | D:11     | Reached ***** piety under Vehumet
 12806 | D:11     | Offered knowledge of Olgreb's Toxic Radiance by Vehumet.
 12951 | D:11     | Reached skill level 12 in Earth Magic
 13387 | D:12     | Noticed Nessos
 13391 | D:12     | Killed Nessos
 13392 | D:12     | Noticed Erolcha
 13430 | D:11     | HP: 3/70 [vampire mosquito (8)]
 13750 | D:12     | Noticed Lodul
 13753 | D:12     | Killed Lodul
 14452 | D:12     | Found a flickering gateway to a bazaar.
 14458 | Bazaar   | Entered a bazaar
 14461 | Bazaar   | Found Aggopob's Weapon Shop.
 14474 | Bazaar   | Found Ypucih's Jewellery Boutique.
 14474 | Bazaar   | Found Waykkic's Magic Scroll Shop.
 14509 | Bazaar   | Found Buuf's Weapon Boutique.
 14535 | Bazaar   | Bought a +7 great mace of draining for 535 gold pieces
 14551 | Bazaar   | Bought a scroll of blinking for 112 gold pieces
 14551 | Bazaar   | Bought a scroll of fear for 60 gold pieces
 14551 | Bazaar   | Bought a scroll of identify for 30 gold pieces
 14551 | Bazaar   | Bought a scroll of identify for 30 gold pieces
 14806 | D:7      | Bought a scroll of teleportation for 30 gold pieces
 14806 | D:7      | Bought a scroll of enchant armour for 75 gold pieces
 14806 | D:7      | Bought a scroll of identify for 20 gold pieces
 14831 | D:8      | Killed a tengu warrior
 14964 | Lair:1   | Entered Level 1 of the Lair of Beasts
 15024 | Lair:1   | Identified the +3 broad axe "Heudemei" {drain, Fly Will-
                  | SInv}
 15194 | Lair:1   | Reached XP level 13. HP: 76/76 MP: 26/26
 15370 | Lair:1   | Reached skill level 5 in Conjurations
 15437 | Lair:1   | Identified the +5 ring mail of Zahesh {*Slow rF+ rCorr
                  | Dex+3}
 16167 | Lair:2   | Reached skill level 10 in Spellcasting
 16303 | Lair:2   | Found a gate leading to a gauntlet.
 16312 | Gauntlet | Entered a Gauntlet
 16312 | Gauntlet | Found a transporter.
 16312 | Gauntlet | Found a transporter.
 16315 | Gauntlet | Found a transporter.
 16316 | Gauntlet | Found a transporter.
 16326 | Gauntlet | Found a transporter.
 16334 | Gauntlet | Reached skill level 13 in Earth Magic
 16376 | Gauntlet | Found a transporter.
 16376 | Gauntlet | Found a transporter.
 16377 | Gauntlet | Noticed a dire elephant
 16399 | Gauntlet | Found a transporter.
 16399 | Gauntlet | Found a transporter.
 16399 | Gauntlet | Found a transporter.
 16417 | Gauntlet | Found a runed translucent gate.
 16417 | Gauntlet | Found a runed translucent gate.
 16417 | Gauntlet | Found a transporter.
 16422 | Gauntlet | Found a runed translucent door.
 16424 | Gauntlet | Found a transporter.
 16436 | Gauntlet | Killed a dire elephant
 16437 | Gauntlet | Reached skill level 10 in Maces & Flails
 16618 | Gauntlet | Identified the +5 halberd "Yradoal" {spect, Dex+2}
 16619 | Gauntlet | Identified the +1 hat "Dasmoy" {^Contam Rampage Str+5}
 16692 | Gauntlet | Noticed a minotaur
 16702 | Gauntlet | HP: 3/78 [minotaur/+1 scimitar of electrocution (11)]
 16742 | Gauntlet | Killed a minotaur
 17000 | Lair:2   | Offered knowledge of Bombard by Vehumet.
 17730 | Lair:3   | Found a staircase to the Snake Pit.
 17898 | Lair:3   | Found a staircase to the Swamp.
 17925 | Lair:3   | Reached skill level 5 in Translocations
 18266 | Lair:4   | Gained mutation: Your large and strong wings let you fly.
                  | [Gargoyle growth]
 18266 | Lair:4   | Reached XP level 14. HP: 78/84 MP: 23/28
 18544 | Lair:4   | Reached skill level 5 in Stealth
 18657 | Lair:4   | Found a transporter.
 18962 | Lair:4   | Noticed Juirae's ghost (journeyman TrMo)
 19388 | Lair:4   | Found a transporter.
 19561 | Lair:5   | Entered Level 5 of the Lair of Beasts
 19650 | Lair:5   | Offered knowledge of Conjure Ball Lightning by Vehumet.
 19775 | Lair:5   | Found a runed translucent door.
 19775 | Lair:5   | Found a viscous altar of Jiyva.
 19775 | Lair:5   | Noticed an acid blob
 19776 | Lair:5   | Found a staircase to the Slime Pits.
 19776 | Lair:5   | Noticed an acid blob
 20062 | Lair:5   | Reached skill level 14 in Earth Magic
 21768 | D:12     | Killed Erolcha
 21859 | D:9      | Bought a book of Fire for 384 gold pieces
 21866 | D:9      | Learned a level 6 spell: Plasma Beam
 21894 | D:13     | Found a gate to the Vaults.
 21898 | D:13     | Reached skill level 1 in Fire Magic
 21898 | D:13     | Reached XP level 15. HP: 25/92 MP: 30/30
 22156 | D:13     | Found Poluhitee's Distillery.
 22164 | D:13     | Bought a potion of haste for 140 gold pieces
 22294 | D:13     | Offered knowledge of Irradiate by Vehumet.
 22297 | D:13     | Mangled by an enormous slime creature

Illustrated notes

Levels and vault maps discovered:
D:1:      evilmike_arrival_come_back, layout_rooms, nrook_mini_backslash,
          minmay_distorted
D:2:      minmay_skewed_foursquare, layout_basic, minmay_misc_feat_x
D:3:      kennysheep_the_goblin_king, layout_loops_ring,
          nicolae_qazlal_general_emergency, mainiacjoe_overflow_small_starburst,
          minmay_liquid_box, chequers_serial_rivers_micro_d, uniq_terence
D:4:      layout_basic, fedhas_altar_fruit_tree, serial_shops, shop,
          nicolae_shop_rolling_square, kennysheep_generic_room_7, uniq_edmund
D:5:      layout_loops_corners, cheibrodos_worm_habitat,
          nicolae_uskayaw_dance_hall, uniq_sigmund, uniq_eustachio
D:6:      layout_loops_ring, tso_oasis_becter,
          minmay_temple_entry_statues_fountains, serial_shops,
          nicolae_shop_mannequins, nicolae_shop_waterfront,
          nicolae_shop_tiny_waterfront, shop, shop
D:7:      layout_basic, mainiacjoe_overflow_alcove_2, serial_shops,
          shop_fountains, nicolae_stop_n_shop_1, uniq_maurice
D:8:      layout_basic, lair_entry_dummy, roderic_serpentine_path,
          minmay_radiant, uniq_prince_ribbit1, uniq_pikel
D:9:      layout_loops_ring, chequers_temple_overflow_statue_of_worship,
          serial_shops, nicolae_stop_n_shop_2, grunt_ministairs_9,
          hellmonk_guarded_unrand_sphere_of_battle
D:10:     layout_long_grid, nicolae_kikubaaqudgha_miasma_corner, orc_0_dummy,
          enter_bailey_6, uniq_maggie
D:11:     layout_layer_cave, serial_shops, nicolae_shop_peninsula,
          nicolae_shop_back_alley_shop, nicolae_shop_tiny_waterfront,
          nicolae_shop_overgrown_old_shop, nicolae_stop_n_shop_1, special_room
          [special_room_orc], serial_bayou, serial_bayou_crossing,
          serial_bayou_pond_d, serial_bayou_pond_b, serial_bayou_lake_a,
          vehumet_crystals
D:12:     layout_long_grid, serial_shops, bzr_entry_safe, uniq_lodul,
          uniq_nessos, uniq_erolcha
D:13:     layout_long_grid, david_vaults_3, serial_shops, shop, shop,
          nicolae_shop_window_shopping, shop, nicolae_shop_getting_attention
Temple:   eino_temple_lava
Lair:1:   layout_chaotic_city, chequers_serial_rivers_large_a,
          beast_lair_carwin_10, lemuel_fruit_fields
Lair:2:   layout_small_grid, gauntlet_entry_generic, serial_bayou_shore_a,
          serial_bayou_shore_b
Lair:3:   layout_hall_layers, swamp_mist, minmay_snake_entry_guardpost_medium
Lair:4:   layout_hall_layers, nzn_ghost_randoct, beast_lair_carwin_3,
          grunt_megastairs_2
Lair:5:   wormcave, layout_misc_corridors, slime_entry_2, serial_bayou_lagoon_a

Skill      XL: |  1  2  3  4  5  6  7  8  9 10 11 12 13 14 |
---------------+-------------------------------------------+-----
Earth Magic    | 4 5 6 7 8 10 11 12 13 14 | 14.3
Spellcasting   | 3 4 6 7 8 9 10 11 | 11.1
Maces & Flails | 3 5 7 9 10 12 | 12.4
Fighting       | 2 4 5 7 8 9 |  9.8
Armour         | 2 4 5 7 8 9 |  9.8
Dodging        | 2 3 4 |  4.0
Conjurations   | 3 4 6 |  6.0
Alchemy        | 2 3 |  3.0
Air Magic      | 2 |  2.4
Stealth        | 3 4 8 |  8.0
Translocations | 1 3 5 |  5.0
Fire Magic     | 1 |  1.6

Action                     |  1- 3 |  4- 6 |  7- 9 | 10-12 | 13-15 || total
---------------------------+-------+-------+-------+-------+-------++-------
  Melee: Unarmed           |     2 |       |       |       |       ||     2
         Short sword       |     4 |    28 |    21 |       |       ||    53
         Punch             |       |     2 |       |       |       ||     2
         Flail             |       |       |     1 |     8 |     1 ||    10
  Throw: Boomerang         |    12 |    32 |    81 |    79 |    55 ||   259
         Javelin           |       |       |       |       |    24 ||    24
   Cast: Sandblast         |    53 |    92 |   163 |   369 |   342 ||  1019
         Lee's Rapid Decon |       |       |       |    41 |   100 ||   141
         Mercury Vapours   |       |       |       |     7 |     2 ||     9
         Blink             |       |       |       |       |     1 ||     1
    Use: Scroll            |       |       |    11 |    11 |     3 ||    25
         Potion            |       |       |       |     4 |     3 ||     7
 Armour: Robe              |    12 |       |       |       |       ||    12
         Leather armour    |       |    63 |    97 |   164 |       ||   324
         Acid dragon scale |       |       |       |    90 |    21 ||   111
         Ring mail         |       |       |       |       |   243 ||   243
  Dodge: Dodged            |    15 |    33 |    53 |   192 |   175 ||   468
  Block: Other             |       |       |     4 |    17 |       ||    21
         Reflection        |       |       |       |     1 |       ||     1
